 Dungeon Crawl Stone Soup version 0.29.1-2-gbd0b4ee654 (webtiles) character file.

Game seed: 3878555630246627961

109 Omegus91 the Insei (level 4, -11/36 HPs)
             Began as a Draconian Transmuter on Nov 7, 2022.
             Killed by divine providence
             ... invoked by an orc priest
              (12 damage)
             ... on level 3 of the Dungeon.
             The game lasted 00:08:25 (2910 turns).

Omegus91 the Insei (Draconian Transmuter)           Turns: 2910, Time: 00:08:29

Health: -11/36     AC:  6    Str: 12    XL:     4   Next: 59%
Magic:  7/7        EV: 12    Int: 13    God:
Gold:   102        SH:  0    Dex: 20    Spells: 6/7 levels left

rFire   + . .      SeeInvis .     - Unarmed
rCold   + . .      Faith    .   (no shield)
rNeg    . . .      Spirit   .   (body armour unavailable)
rPois   +          Reflect  .   (helmet currently unavailable)
rElec   +          Harm     .   (no cloak)
rCorr   +          Rampage  .   s - +0 pair of gloves
Will    .....                   (boots currently unavailable)
Stlth   ++........              (no amulet)
HPRegen 0.12/turn               v - +6 ring of dexterity
MPRegen 0.10/turn               (no ring)

@: appendages (expiring), resistant
A: horns 2, talons 2, AC +5, unfitting armour, cold-blooded
a: End Transformation


You were on level 3 of the Dungeon.
You had temporarily grown beastly horns and talons.
You visited 1 branch of the dungeon, and saw 3 of its levels.

You collected 102 gold pieces.

Inventory:

Missiles
 b - 11 stones
 k - 8 poisoned darts
Armour
 j - a +1 pair of boots (melded)
 s - a +0 pair of gloves (worn)
Jewellery
 v - a +6 ring of dexterity (left hand)
Wands
 u - a wand of quicksilver (2)
Scrolls
 d - a scroll of enchant armour {unknown}
 f - a scroll of immolation {unknown}
 h - a scroll of magic mapping {unknown}
 i - a scroll of summoning {unknown}
 l - a scroll of enchant weapon {unknown}
 n - 2 scrolls of identify {unknown}
 o - 2 scrolls of torment {unknown}
 q - a scroll of fear {unknown}
Potions
 a - a potion of lignification
 c - 2 potions of resistance
 e - a potion of invisibility {unknown}
 g - a potion of flight {unknown}
 m - a potion of degeneration {unknown}
 p - a potion of mutation {unknown}
 r - a potion of berserk rage {unknown}
 t - a potion of might {unknown}


   Skills:
 + Level 2.3 Fighting
 - Level 1.7 Dodging
 + Level 1.6 Stealth
 * Level 4.1 Unarmed Combat
 - Level 2.0 Spellcasting
 + Level 2.8 Transmutations


You had 6 spell levels left.
You knew the following spells:

 Your Spells              Type           Power      Damage    Failure   Level
a - Beastly Appendage     Tmut           16%        N/A       9%          1

Your spell library contained the following spells:

 Spells                   Type           Power      Damage    Failure   Level
 Wereblood                Tmut           8%         N/A       12%         2
 Spider Form              Tmut/Pois      4%         N/A       41%         3
 Ice Form                 Ice/Tmut       4%         N/A       82%         4


Dungeon Overview and Level Annotations

Branches:
Dungeon (3/15)

Altars:


Innate Abilities, Weirdness & Mutations

You have temporarily grown beastly horns and talons.
Your plain brown scales are hard. (AC +5)
You cannot fit into any form of body armour.
You are cold-blooded and may be slowed by cold attacks.


Message History

You kill the orc!
The orc hits you with a +2 flail of holy wrath!
You hit the orc. Your kick misses the orc.
The orc is moderately wounded.
The orc hits you with a +2 flail of holy wrath!
You hit the orc.
You kill the orc!
A bat comes into view.
Found a chain mail.
The orc hits you with a +0 flail.
The orc priest hits you with a +0 hand axe.
You are too injured to fight recklessly!
You are too injured to fight recklessly!
You are too injured to fight recklessly!
You are too injured to fight recklessly!
You hit the orc priest but do no damage.
You claw the orc priest. You punch the orc priest.
The orc priest is lightly wounded.
Your transformation is almost over.
A giant cockroach comes into view.
The orc hits you with a +0 flail.
* * * LOW HITPOINT WARNING * * *
The orc priest closely misses you.
You hit the orc priest but do no damage.
You headbutt the orc priest!
The orc priest is severely wounded.
The orc closely misses you.
You hit the orc priest. Your kick misses the orc priest.
You headbutt the orc priest.
Your tail-slap misses the orc priest.
The orc priest is almost dead.
The orc priest hits you but does no damage.
The orc hits you but does no damage. The orc hits you with a +0 dagger.
* * * LOW HITPOINT WARNING * * *
It was a potion of resistance.
You feel protected. The orc hits you with a +0 flail.
* * * LOW HITPOINT WARNING * * *
The orc barely misses you.
The orc priest calls down the wrath of Beogh upon you.
Beogh smites you!
You die...

.....+...........
######...........
#........#+##
#.######.#+######## .
####...........###..
......................
......#.......#.......
...#......#...oo.#....
.#.....#.....#@obB.#
....#....#...)#....#
..#...#...#..)#...#..[
.#..#..#..#..#..#..# .
#w#.#.#.#.#.# #.#
#.##.###.# .# # ( #.
##


You could see an orc priest, 2 orcs, a giant cockroach and a bat.

Vanquished Creatures
  3 adders
  4 dart slugs
  8 orcs (D:3)
  2 ball pythons
  4 bats
  6 endoplasms
  3 giant cockroaches
  9 goblins
  2 hobgoblins
  5 quokkas
  2 frilled lizards (D:2)
  7 kobolds
  6 rats
  A spectral goblin (D:3)
62 creatures vanquished.

Notes
Turn   | Place    | Note
-------+----------+-------------------------------------------
     0 | D:1      | Omegus91 the Draconian Transmuter began the quest for the
                  | Orb.
     0 | D:1      | Reached XP level 1. HP: 16/16 MP: 3/3
   360 | D:1      | Reached XP level 2. HP: 21/23 MP: 5/5
  1087 | D:2      | Reached skill level 1 in Stealth
  1087 | D:2      | Reached XP level 3. HP: 27/29 MP: 3/6
  1293 | D:2      | Identified the +6 mace of Terrible Tortfeasance {spect,
                  | rN++}
  2267 | D:3      | Found a faded altar of an unknown god.
  2284 | D:3      | Reached XP level 4. HP: 35/36 MP: 7/7
  2629 | D:3      | Reached skill level 4 in Unarmed Combat
  2910 | D:3      | HP: 1/36 [orc/+0 flail (3)]
  2910 | D:3      | Killed from afar by an orc priest

Illustrated notes

Levels and vault maps discovered:
D:1:      lemuel_arrival_tunnels, layout_loops_ring
D:2:      layout_basic
D:3:      layout_basic, dreamdust_ecumenical_altar_drowned_temple,
          nicolae_kite_square_tiling_tiny, minmay_increasing_density

Skill      XL: |  1  2  3  4 |
---------------+-------------+-----
Stealth        | 1 |  1.6
Fighting       | 2 |  2.3
Unarmed Combat | 4 |  4.1
Dodging        | |  1.7
Spellcasting   | |  2.0
Transmutations | |  2.8

Action                   |  1- 3 |  4- 6 || total
-------------------------+-------+-------++-------
Melee: Unarmed           |   146 |    52 ||   198
       Tailslap          |    16 |    12 ||    28
       Headbutt          |     6 |     7 ||    13
       Kick              |    10 |     7 ||    17
       Punch             |     2 |     3 ||     5
 Cast: Beastly Appendage |    15 |     4 ||    19
  Use: Potion            |       |     1 ||     1
 Stab: Sleeping          |     5 |     1 ||     6
Armor: Skin              |    46 |    16 ||    62
Dodge: Dodged            |    77 |    24 ||   101
